[Event "41st Arco Open 2019"]
[Site "Arco"]
[Date "2019.10.10"]
[Round "7"]
[White "Heidel, Andre Nicolas"]
[Black "Favaloro, Andrea"]
[Result "1/2-1/2"]
[ECO "D35"]
[WhiteElo "2140"]
[BlackElo "2338"]
[Annotator "NA"]
[PlyCount "63"]
[EventDate "2019.10.04"]
[EventType "swiss"]
[EventCountry "ITA"]
[SourceTitle "playchess.com"]
[Source "ChessBase"]
[SourceQuality "1"]
[TimeControl "40/5400+30:1800+30"]

1. d4 d5 2. c4 e6 3. Nc3 Nf6 4. cxd5 exd5 5. Bg5 c6 6. e3 h6 7. Bf4 Bf5 8. Bd3 Bxd3 9. Qxd3 Be7 10. h3 Nbd7 11. Nf3 O-O 12. O-O Re8 13. Ne5 Nxe5 14. Bxe5 Nd7 $11 15. Bg3 Nb6 16. Qc2 Bd6 17. Bxd6 Qxd6 18. Na4 Nxa4 19. Qxa4 f5 20. Rac1 f4 21. exf4 Qxf4 22. Rc3 Re7 23. Rf3 Qd2 24. Qa3 Re2 25. Re3 Qxb2 26. Qe7 Rd2 27. Rf3 Kh7 28. Re1 Qxd4 29. Qxb7 Rg8 30. Qxc6 Rxa2 31. Re7 a5 32. Rd7 1/2-1/2

[Event "41st Arco Open 2019"]
[Site "Arco"]
[Date "2019.10.10"]
[Round "7"]
[White "Voltolini, Giuseppe"]
[Black "Qendro, Llambi"]
[Result "0-1"]
[ECO "E68"]
[WhiteElo "2136"]
[BlackElo "2312"]
[Annotator "NA"]
[PlyCount "66"]
[EventDate "2019.10.04"]
[EventType "swiss"]
[EventCountry "ITA"]
[SourceTitle "playchess.com"]
[Source "ChessBase"]
[SourceQuality "1"]
[TimeControl "40/5400+30:1800+30"]

1. d4 g6 2. c4 Bg7 3. Nf3 d6 4. g3 Nf6 5. Bg2 O-O 6. Nc3 Nbd7 7. O-O e5 8. e4 exd4 9. Nxd4 Nc5 10. h3 Re8 11. Re1 a5 12. Qc2 Nfd7 13. Be3 $14 Ne5 14. b3 Ned3 15. Red1 Nb4 16. Qe2 Bd7 17. Rac1 Qc8 18. Kh2 a4 19. Rb1 axb3 20. axb3 h5 21. Nd5 Nxd5 22. exd5 Ne4 23. Qc2 Bf5 24. Nxf5 Qxf5 25. Bxe4 Rxe4 26. Re1 h4 27. g4 Qf3 28. Qe2 Be5+ 29. Kg1 Qxh3 30. f3 Rxe3 31. Qxe3 Ra2 32. Re2 Rxe2 33. Qxe2 Bd4+ 0-1

[Event "41st Arco Open 2019"]
[Site "Arco"]
[Date "2019.10.10"]
[Round "7"]
[White "Perman, Sergey"]
[Black "Welling, Gerard"]
[Result "1-0"]
[ECO "C63"]
[WhiteElo "2129"]
[BlackElo "2302"]
[Annotator "NA"]
[PlyCount "79"]
[EventDate "2019.10.04"]
[EventType "swiss"]
[EventCountry "ITA"]
[SourceTitle "playchess.com"]
[Source "ChessBase"]
[SourceQuality "1"]
[TimeControl "40/5400+30:1800+30"]

1. e4 Nc6 2. Nf3 e5 3. Bb5 f5 4. d3 fxe4 5. dxe4 Nf6 6. Nc3 Bb4 7. Qd3 Bxc3+ 8. bxc3 d6 9. O-O Bd7 10. Bc4 Qe7 11. Rb1 Nd8 12. Bg5 h6 13. Nh4 hxg5 14. Ng6 d5 15. Nxe7 dxc4 16. Qxc4 Kxe7 17. Qxc7 Ne6 18. Qxb7 Rac8 19. Qb4+ Kf7 20. Rfd1 Nc5 21. Qa5 a6 22. f3 g4 23. f4 Rhe8 24. f5 Bb5 25. Re1 Re7 26. Re3 Rec7 27. Rbe1 Na4 28. Qb4 Nxc3 29. Qd6 Re7 30. h3 Rc6 31. Qa3 Rec7 32. Qb3+ Kf8 33. hxg4 Nxg4 34. Rh3 Ne2+ 35. Rxe2 Bxe2 36. Rh8+ Ke7 37. Qb4+ Rd6 38. Rh7 Rb7 39. Rxg7+ Ke8 40. Rg8+ 1-0

[Event "41st Arco Open 2019"]
[Site "Arco"]
[Date "2019.10.10"]
[Round "7"]
[White "Klings, Peter"]
[Black "Curien, Nicolas"]
[Result "1/2-1/2"]
[ECO "C02"]
[WhiteElo "2116"]
[BlackElo "2261"]
[Annotator "NA"]
[PlyCount "91"]
[EventDate "2019.10.04"]
[EventType "swiss"]
[EventCountry "ITA"]
[SourceTitle "playchess.com"]
[Source "ChessBase"]
[SourceQuality "1"]
[TimeControl "40/5400+30:1800+30"]

1. e4 e6 2. d4 d5 3. e5 c5 4. c3 Nc6 5. Nf3 Bd7 6. Be2 Nge7 7. a3 cxd4 8. cxd4 Nf5 9. b4 Rc8 10. Bb2 Qb6 $11 11. O-O Be7 12. Qd2 O-O 13. Bd3 Kh8 14. Bxf5 exf5 15. Nc3 Be6 16. Na4 Qd8 17. Nc5 b6 18. Nb3 g5 19. Ne1 f4 20. Nd3 Qd7 21. Rfc1 Bf5 22. Rc3 Nd8 23. Rxc8 Qxc8 24. Rc1 Qd7 25. Rc3 Ne6 26. Ndc1 Rg8 27. Ne2 Be4 28. f3 Bf5 29. Qe1 g4 30. Nd2 a5 31. bxa5 bxa5 32. fxg4 Bxg4 33. Nf3 Bh3 34. g3 fxg3 35. hxg3 Bg4 36. Bc1 a4 37. Bd2 Rc8 38. Qc1 Rc4 39. Kf2 Qc6 40. Be3 Kg8 41. Qb2 Kg7 42. Qc1 h5 43. Bh6+ Kg8 44. Be3 Kg7 45. Bh6+ Kg8 46. Be3 1/2-1/2

[Event "41st Arco Open 2019"]
[Site "Arco"]
[Date "2019.10.10"]
[Round "7"]
[White "Lezzerini, Marco"]
[Black "Zwahr, Paul"]
[Result "1-0"]
[ECO "E68"]
[WhiteElo "2116"]
[BlackElo "2282"]
[Annotator "NA"]
[PlyCount "119"]
[EventDate "2019.10.04"]
[EventType "swiss"]
[EventCountry "ITA"]
[SourceTitle "playchess.com"]
[Source "ChessBase"]
[SourceQuality "1"]
[TimeControl "40/5400+30:1800+30"]

1. d4 Nf6 2. c4 g6 3. g3 Bg7 4. Bg2 O-O 5. Nc3 d6 6. Nf3 Nbd7 7. O-O e5 8. e4 c6 9. b3 Qb6 10. Rb1 exd4 11. Nxd4 Nxe4 12. Nxe4 $16 Qxd4 13. Qxd4 Bxd4 14. Nxd6 Ne5 15. Rd1 Bc5 16. Bb2 f6 17. h3 Bxd6 18. Rxd6 Bf5 19. Rbd1 g5 20. g4 Bg6 21. Bxe5 fxe5 22. Rd7 Rab8 23. Re7 Rfe8 24. Rdd7 Rxe7 25. Rxe7 Bb1 26. a3 Ba2 27. Rxe5 h6 28. Re3 Bb1 29. c5 Kf7 30. Bf1 Re8 31. Bc4+ Kf8 32. Rxe8+ Kxe8 33. Kg2 Ke7 34. Kg3 Kf6 35. f4 Be4 36. b4 Bh1 37. Be2 Bd5 38. Bf3 Bc4 39. Be4 Bb5 40. h4 Be2 41. fxg5+ hxg5 42. h5 Bc4 43. h6 Bb5 44. Bf5 b6 45. Kf3 bxc5 46. bxc5 a5 47. Ke4 Bc4 48. h7 Bd5+ 49. Kd4 Kg7 50. Ke5 Bf3 51. Kd6 Kh8 52. Kc7 a4 53. Kd6 Kg7 54. Bd7 Kxh7 55. Bxc6 Bxg4 56. Bxa4 Bf3 57. c6 g4 58. c7 Bb7 59. Bc6 Bc8 60. Ke7 1-0

[Event "41st Arco Open 2019"]
[Site "Arco"]
[Date "2019.10.10"]
[Round "7"]
[White "Astengo, Corrado"]
[Black "Bifulco, Michel"]
[Result "0-1"]
[ECO "C56"]
[WhiteElo "2105"]
[BlackElo "2261"]
[Annotator "NA"]
[PlyCount "106"]
[EventDate "2019.10.04"]
[EventType "swiss"]
[EventCountry "ITA"]
[SourceTitle "playchess.com"]
[Source "ChessBase"]
[SourceQuality "1"]
[TimeControl "40/5400+30:1800+30"]

1. e4 e5 2. Nf3 Nc6 3. d4 exd4 4. Bc4 Nf6 5. e5 Ng4 6. Qe2 Qe7 7. Bf4 f6 8. exf6 Nxf6 $11 9. Qxe7+ Bxe7 10. O-O d6 11. Nbd2 Bd7 12. Rfe1 O-O-O 13. Nb3 Nh5 14. Bg5 Bxg5 15. Nxg5 Ne5 16. Be2 Nf4 17. Nxd4 h6 18. Ne4 Rhe8 19. Bb5 Bxb5 20. Nxb5 d5 21. Nd2 Ng4 22. Nf3 a6 23. Nbd4 g6 24. Rad1 c5 25. Nb3 b6 26. h3 Nf6 27. Ne5 Re7 28. Nc6 Rxe1+ 29. Rxe1 Rd6 30. Ne5 Re6 31. Nd3 Rxe1+ 32. Nxe1 d4 33. f3 Kd7 34. h4 Ke6 35. Kf2 Kd5 36. Nd3 Ne6 37. Nd2 a5 38. c4+ dxc3 39. bxc3 b5 40. Ke3 Nd7 41. Nf4+ Nxf4 42. Kxf4 b4 43. cxb4 cxb4 44. Ke3 Nc5 45. g4 a4 46. h5 gxh5 47. gxh5 a3 48. Nb1 Ke5 49. f4+ Kf5 50. Kf3 Ne4 51. Ke3 b3 52. Nxa3 bxa2 53. Nc2 Nf6 0-1

[Event "41st Arco Open 2019"]
[Site "Arco"]
[Date "2019.10.10"]
[Round "7"]
[White "Tolhuizen, Ludo"]
[Black "Dittmar, Peter"]
[Result "1/2-1/2"]
[ECO "B13"]
[WhiteElo "2102"]
[BlackElo "2253"]
[Annotator "NA"]
[PlyCount "52"]
[EventDate "2019.10.04"]
[EventType "swiss"]
[EventCountry "ITA"]
[SourceTitle "playchess.com"]
[Source "ChessBase"]
[SourceQuality "1"]
[TimeControl "40/5400+30:1800+30"]

1. d4 d5 2. Nf3 c5 3. e3 cxd4 4. exd4 Nf6 5. Bf4 Nc6 6. c3 $11 Bg4 7. Nbd2 e6 8. Qb3 Qc8 9. Bd3 Be7 10. O-O O-O 11. Rfe1 Bh5 12. Ne5 Nxe5 13. Bxe5 Bg6 14. Bxg6 hxg6 15. a4 Qc6 16. Nf3 Ne4 17. Qc2 Rac8 18. Bf4 Bf6 19. Nd2 Bxd4 20. Nxe4 dxe4 21. Qxe4 Qxe4 22. Rxe4 Bf6 23. Rb4 b6 24. a5 Bd8 25. axb6 Bxb6 26. Rd1 f6 1/2-1/2

[Event "41st Arco Open 2019"]
[Site "Arco"]
[Date "2019.10.10"]
[Round "7"]
[White "Pasti, Aron"]
[Black "Kuhn, Tobias"]
[Result "1/2-1/2"]
[ECO "B11"]
[WhiteElo "2099"]
[BlackElo "2234"]
[Annotator "NA"]
[PlyCount "158"]
[EventDate "2019.10.04"]
[EventType "swiss"]
[EventCountry "ITA"]
[SourceTitle "playchess.com"]
[Source "ChessBase"]
[SourceQuality "1"]
[TimeControl "40/5400+30:1800+30"]

1. e4 c6 2. Nf3 d5 3. Nc3 Bg4 4. h3 Bxf3 5. Qxf3 $11 e6 6. d4 dxe4 7. Nxe4 Qxd4 8. Bd3 Nd7 9. Be3 Qb4+ 10. Bd2 Ne5 11. Qg3 Nxd3+ 12. Qxd3 Qb6 13. O-O-O Rd8 14. Qg3 Nf6 15. Nxf6+ gxf6 16. Be3 c5 17. Rxd8+ Qxd8 18. Rd1 Qc8 19. Qf4 Be7 20. Qa4+ Qc6 21. Qxa7 O-O 22. Bh6 Rd8 23. Rxd8+ Bxd8 24. Qb8 Qc7 25. Qxc7 Bxc7 26. g4 f5 27. gxf5 exf5 28. c4 f6 29. Kd2 Kf7 30. Be3 b6 31. f3 Ke6 32. Kd3 Kd7 33. a3 Kc6 34. Bd2 Kd7 35. b3 Ke6 36. Be3 f4 37. Bf2 f5 38. b4 Kd6 39. Kc3 Kc6 40. Kb3 Bd8 41. Ka4 Be7 42. Be1 Bd6 43. Bc3 Bc7 44. Bf6 Bd6 45. Bg5 Be5 46. Be7 Bc3 47. Bf8 Bd4 48. Bh6 Be5 49. h4 Bf6 50. h5 Be5 51. Bg5 Bc7 52. Bf6 Bd6 53. Bd8 Be5 54. Kb3 Bd6 55. Kc3 Bf8 56. b5+ Kb7 57. Kd3 Bg7 58. Ke2 Bc3 59. Kf2 Ba5 60. Bg5 Bd2 61. Kg2 Kc7 62. Kh3 Kd6 63. Bd8 Ba5 64. Kh4 Ke5 65. Kg5 Kd4 66. Kh6 Ke3 67. Kxh7 Kxf3 68. Kg6 Ke4 69. h6 f3 70. Bh4 Bc3 71. h7 Kd3 72. Kxf5 Kxc4 73. Ke4 Kxb5 74. Kxf3 Bh8 75. Ke4 c4 76. Bf2 c3 77. Kd3 Ka4 78. Kc2 Kxa3 79. Bxb6 Kb4 1/2-1/2

[Event "41st Arco Open 2019"]
[Site "Arco"]
[Date "2019.10.10"]
[Round "7"]
[White "Modena, Giorgio"]
[Black "Vezzosi, Paolo"]
[Result "0-1"]
[ECO "B32"]
[WhiteElo "1820"]
[BlackElo "2235"]
[Annotator "NA"]
[PlyCount "108"]
[EventDate "2019.10.04"]
[EventType "swiss"]
[EventCountry "ITA"]
[SourceTitle "playchess.com"]
[Source "ChessBase"]
[SourceQuality "1"]
[TimeControl "40/5400+30:1800+30"]

1. e4 c5 2. Nf3 Nc6 3. d4 cxd4 4. Nxd4 Qc7 5. Nxc6 bxc6 6. Bd3 Nf6 7. c4 e5 8. O-O Bc5 9. Nc3 d6 10. h3 Be6 11. Be3 Bxe3 12. fxe3 Nd7 13. Qe2 O-O 14. b3 Nc5 15. Bc2 Rfb8 16. Rfd1 a5 17. Rab1 Rb7 18. Rd2 Rd8 19. Qd1 h6 20. Ne2 Qe7 21. Ng3 g6 22. Kh2 Kg7 23. Qf3 Qf6 24. Rbd1 Rbd7 25. Nh1 h5 26. Nf2 Qh4 27. Qg3 Qxg3+ 28. Kxg3 Kf6 29. Kf3 Ke7 30. Ke2 a4 31. b4 Bxc4+ 32. Ke1 Na6 33. Bxa4 Nxb4 34. Rb2 Rb8 35. Rdb1 Rdb7 36. Kd2 Bxa2 37. Bxc6 Rb6 38. Ra1 Be6 39. Ra7+ Kf6 40. Ba4 h4 41. Bd1 Nc6 42. Rxb6 Rxb6 43. Rc7 Rb2+ 44. Bc2 Nb4 45. Kc1 Ra2 46. Kb1 Kg5 47. Nd1 f5 48. Nb2 Ra3 49. Nd1 Nxc2 50. Rxc2 Rd3 51. Kc1 Rxd1+ 52. Kxd1 Bb3 53. Kd2 Bxc2 54. Kxc2 fxe4 0-1

[Event "41st Arco Open 2019"]
[Site "Arco"]
[Date "2019.10.11"]
[Round "8"]
[White "Okhotnik, Vladimir"]
[Black "Schulz, Michael"]
[Result "1-0"]
[ECO "B15"]
[WhiteElo "2352"]
[BlackElo "2174"]
[Annotator "NA"]
[PlyCount "49"]
[EventDate "2019.10.04"]
[EventType "swiss"]
[EventCountry "ITA"]
[SourceTitle "playchess.com"]
[Source "ChessBase"]
[SourceQuality "1"]
[TimeControl "40/5400+30:1800+30"]

1. e4 g6 2. d4 Bg7 3. Nf3 c6 4. Nc3 d5 5. Bf4 a6 6. Qd2 dxe4 7. Nxe4 Nd7 8. O-O-O Ngf6 9. Ng3 h5 10. h4 b5 11. Bd3 Nd5 12. Bg5 N7b6 13. Ne5 Bxe5 14. dxe5 Be6 15. Ne4 Qc8 16. Nc5 Nc4 17. Qe2 Nb4 18. Bxc4 Bxc4 19. Qd2 Nxa2+ 20. Kb1 b4 21. Bxe7 Bd5 22. Bf6 Rb8 23. Nb3 Bxb3 24. Qd6 Bxc2+ 25. Ka1 1-0

[Event "41st Arco Open 2019"]
[Site "Arco"]
[Date "2019.10.11"]
[Round "8"]
[White "Bifulco, Michel"]
[Black "Perman, Sergey"]
[Result "1/2-1/2"]
[ECO "B07"]
[WhiteElo "2261"]
[BlackElo "2129"]
[Annotator "NA"]
[PlyCount "32"]
[EventDate "2019.10.04"]
[EventType "swiss"]
[EventCountry "ITA"]
[SourceTitle "playchess.com"]
[Source "ChessBase"]
[SourceQuality "1"]
[TimeControl "40/5400+30:1800+30"]

1. d4 Nf6 2. g3 g6 3. Bg2 Bg7 4. e4 d6 5. Nc3 O-O 6. Nge2 c6 7. a4 Na6 8. h3 Nb4 9. Be3 a5 10. Qd2 Qc7 11. g4 Rd8 12. Ng3 e5 13. f4 Nxg4 14. hxg4 exd4 15. Bf2 dxc3 16. bxc3 Bxg4 1/2-1/2

[Event "41st Arco Open 2019"]
[Site "Arco"]
[Date "2019.10.11"]
[Round "8"]
[White "Curien, Nicolas"]
[Black "Lezzerini, Marco"]
[Result "1-0"]
[ECO "C11"]
[WhiteElo "2261"]
[BlackElo "2116"]
[Annotator "NA"]
[PlyCount "119"]
[EventDate "2019.10.04"]
[EventType "swiss"]
[EventCountry "ITA"]
[SourceTitle "playchess.com"]
[Source "ChessBase"]
[SourceQuality "1"]
[TimeControl "40/5400+30:1800+30"]

1. d4 e6 2. e4 d5 3. Nc3 Nf6 4. e5 Nfd7 5. f4 c5 6. Nf3 Nc6 7. Be3 cxd4 8. Nxd4 Bc5 9. Qd2 O-O 10. O-O-O a6 11. Qf2 Bxd4 12. Bxd4 b5 13. Bd3 b4 14. Ne2 a5 15. Kb1 a4 16. f5 Ndxe5 17. Bc5 Re8 18. fxe6 Bxe6 19. Nd4 Nxd4 20. Bxd4 Nc6 21. Bb5 Qc7 22. Bxc6 Qxc6 23. Qg3 f6 24. Rhf1 b3 25. cxb3 Bf7 26. Rxf6 Qd7 27. Qxg7+ Kxg7 28. Rd6+ Kg8 29. Rxd7 axb3 30. a3 Rad8 31. Rxd8 Rxd8 32. Kc1 Bg6 33. Kd2 Rc8 34. Ke3 Rc4 35. Bc3 Rxc3+ 36. bxc3 b2 37. Kd4 Kf7 38. Kxd5 Ke7 39. a4 Kd7 40. g4 Bc2 41. Re1 Kc7 42. c4 b1=Q 43. Rxb1 Bxb1 44. h4 Bc2 45. a5 Bb1 46. g5 Bg6 47. c5 Bf7+ 48. Ke5 Bc4 49. Kf6 Kc6 50. h5 Bd3 51. a6 Bxa6 52. g6 hxg6 53. h6 g5 54. h7 g4 55. h8=Q Kxc5 56. Qh5+ Kb4 57. Qxg4+ Bc4 58. Ke5 Kc3 59. Qd4+ Kb3 60. Qd2 1-0

[Event "41st Arco Open 2019"]
[Site "Arco"]
[Date "2019.10.11"]
[Round "8"]
[White "Dittmar, Peter"]
[Black "Pasti, Aron"]
[Result "1/2-1/2"]
[ECO "A20"]
[WhiteElo "2253"]
[BlackElo "2099"]
[Annotator "NA"]
[PlyCount "84"]
[EventDate "2019.10.04"]
[EventType "swiss"]
[EventCountry "ITA"]
[SourceTitle "playchess.com"]
[Source "ChessBase"]
[SourceQuality "1"]
[TimeControl "40/5400+30:1800+30"]

1. c4 e5 2. g3 Nf6 3. Bg2 d5 4. cxd5 Nxd5 5. Nf3 Nc6 6. O-O Nb6 7. b3 g6 8. Nc3 Bg7 9. Ba3 Ne7 10. Rc1 O-O 11. Qc2 Re8 12. Ne1 c6 13. Ne4 Ned5 14. Nd3 f5 15. Nec5 e4 16. Nb2 Nd7 17. Nxd7 Bxd7 18. Nc4 Qf6 19. d3 Qe6 20. dxe4 fxe4 21. e3 b5 22. Na5 b4 23. Bb2 Bxb2 24. Qxb2 Nc3 25. Rfe1 c5 26. Bf1 Qf6 27. Rc2 Be6 28. a3 Bd5 29. Ra1 Qb6 30. Nc4 Qc7 31. axb4 cxb4 32. Ra5 Bxc4 33. Bxc4+ Kh8 34. Rd5 Rad8 35. Rcd2 Rxd5 36. Bxd5 Qg7 37. Bc4 Qf6 38. Rd4 Rf8 39. Qd2 Nb1 40. Qe1 Nc3 41. Qd2 Nb1 42. Qe1 Nc3 1/2-1/2

[Event "41st Arco Open 2019"]
[Site "Arco"]
[Date "2019.10.11"]
[Round "8"]
[White "Fecker, Noah"]
[Black "Molnar, Bela"]
[Result "1/2-1/2"]
[ECO "C06"]
[WhiteElo "2240"]
[BlackElo "2305"]
[Annotator "NA"]
[PlyCount "65"]
[EventDate "2019.10.04"]
[EventType "swiss"]
[EventCountry "ITA"]
[SourceTitle "playchess.com"]
[Source "ChessBase"]
[SourceQuality "1"]
[TimeControl "40/5400+30:1800+30"]

1. e4 e6 2. d4 d5 3. Nd2 Be7 4. Ngf3 Nf6 5. e5 Nfd7 6. Bd3 c5 7. c3 Nc6 8. O-O a5 9. Re1 cxd4 10. cxd4 g5 11. h3 h5 12. Nf1 Nf8 13. Be3 Bd7 14. a3 a4 15. Rc1 Na5 16. Qe2 Ng6 17. Rc3 Nb3 18. N3d2 Nxd2 19. Qxd2 g4 20. hxg4 hxg4 21. Bxg6 fxg6 22. Qe2 Rh4 23. g3 Rh5 24. Qxg4 Kf7 25. Qf3+ Kg7 26. g4 Rh4 27. Rec1 Bc6 28. Qg2 Qd7 29. Bf4 Rah8 30. f3 Bd8 31. Bg3 R4h7 32. f4 Bb6 33. Bf2 1/2-1/2

[Event "41st Arco Open 2019"]
[Site "Arco"]
[Date "2019.10.11"]
[Round "8"]
[White "Glienke, Manfred Dr."]
[Black "Sedina, Elena"]
[Result "0-1"]
[ECO "A09"]
[WhiteElo "2235"]
[BlackElo "2294"]
[Annotator "NA"]
[PlyCount "70"]
[EventDate "2019.10.04"]
[EventType "swiss"]
[EventCountry "ITA"]
[SourceTitle "playchess.com"]
[Source "ChessBase"]
[SourceQuality "1"]
[TimeControl "40/5400+30:1800+30"]

1. Nf3 d5 2. c4 d4 3. g3 Nc6 4. Bg2 e5 5. d3 Nf6 6. O-O a5 7. e4 Nd7 8. Na3 Be7 9. Ne1 O-O 10. Nac2 Nc5 11. f4 exf4 12. gxf4 f5 13. e5 Kh8 14. b3 Ne6 15. Nf3 Nb4 16. Nce1 c5 17. a3 Nc6 18. Ra2 Bd7 19. Qe2 Be8 20. Qf2 Rb8 21. a4 h6 22. Kh1 g5 23. Rg1 g4 24. Nd2 Bh4 25. Qe2 Nb4 26. Rb2 Bxe1 27. Qxe1 Nxd3 28. Qg3 Nxb2 29. Bxb2 Bc6 30. Bd5 Bxd5+ 31. cxd5 Qxd5+ 32. Rg2 Kh7 33. Nc4 b5 34. axb5 Rxb5 35. Bc1 a4 0-1

[Event "41st Arco Open 2019"]
[Site "Arco"]
[Date "2019.10.11"]
[Round "8"]
[White "Vezzosi, Paolo"]
[Black "Scheftlein, Richard"]
[Result "1/2-1/2"]
[ECO "E46"]
[WhiteElo "2235"]
[BlackElo "2236"]
[Annotator "NA"]
[PlyCount "33"]
[EventDate "2019.10.04"]
[EventType "swiss"]
[EventCountry "ITA"]
[SourceTitle "playchess.com"]
[Source "ChessBase"]
[SourceQuality "1"]
[TimeControl "40/5400+30:1800+30"]

1. c4 Nf6 2. Nc3 e6 3. d4 Bb4 4. e3 O-O 5. Nge2 d5 6. a3 Be7 7. Nf4 c6 8. Bd3 Nbd7 9. cxd5 exd5 10. O-O Re8 11. f3 Nb6 12. Kh1 c5 13. Bb5 Bd7 14. Bxd7 Qxd7 15. Nd3 Rac8 16. dxc5 Bxc5 17. Nxc5 1/2-1/2

[Event "41st Arco Open 2019"]
[Site "Arco"]
[Date "2019.10.11"]
[Round "8"]
[White "Kuhn, Tobias"]
[Black "Tolhuizen, Ludo"]
[Result "1/2-1/2"]
[ECO "D05"]
[WhiteElo "2234"]
[BlackElo "2102"]
[Annotator "NA"]
[PlyCount "165"]
[EventDate "2019.10.04"]
[EventType "swiss"]
[EventCountry "ITA"]
[SourceTitle "playchess.com"]
[Source "ChessBase"]
[SourceQuality "1"]
[TimeControl "40/5400+30:1800+30"]

1. Nf3 d5 2. b3 c5 3. e3 Nf6 4. Bb2 e6 5. d4 Nc6 6. Nbd2 Bd6 7. Bd3 O-O 8. O-O Qe7 9. Ne5 cxd4 10. exd4 Qc7 11. Nxc6 bxc6 12. Nf3 c5 13. dxc5 Bxc5 14. Qe2 Qe7 15. a4 Bb7 16. a5 a6 17. Ng5 h6 18. Bxf6 gxf6 19. Nh7 Rfe8 20. Qg4+ Kh8 21. Qh5 Kg7 22. Ra4 d4 23. Rc4 f5 24. Re1 Bd5 25. Nf6 Qxf6 26. Rxc5 Rec8 27. Rxc8 Rxc8 28. Qe2 Qg5 29. f3 Bb7 30. Kf2 Qh4+ 31. Kg1 Qg5 32. Qe5+ Qf6 33. f4 Qxe5 34. Rxe5 Be4 35. Bxe4 fxe4 36. Rxe4 Rxc2 37. Rxd4 Ra2 38. b4 Rb2 39. h3 h5 40. Kh2 Rb3 41. Rd6 Rxb4 42. Kg3 h4+ 43. Kxh4 Rxf4+ 44. Kg3 Ra4 45. Rxa6 Kg6 46. Ra8 e5 47. a6 f5 48. a7 Kg7 49. Kf3 Ra3+ 50. Ke2 f4 51. Re8 Rxa7 52. Rxe5 Kf6 53. Rd5 Ra3 54. Rd3 Ra4 55. Kf3 Ke5 56. Rb3 Ra5 57. Kg4 Ra2 58. Kf3 Ra5 59. Kg4 Ra2 60. Rb5+ Ke4 61. g3 fxg3 62. Kxg3 Ra3+ 63. Kg4 Ra1 64. h4 Rg1+ 65. Kh5 Kf4 66. Kh6 Ra1 67. Rb6 Kf5 68. h5 Rh1 69. Rb2 Rg1 70. Rf2+ Ke6 71. Kh7 Ke7 72. h6 Rg3 73. Ra2 Kf7 74. Ra7+ Kf8 75. Rg7 Rh3 76. Rg1 Rh2 77. Rf1+ Ke7 78. Rf5 Ke6 79. Rf4 Ke7 80. Kg7 Rg2+ 81. Kh8 Rh2 82. h7 Rg2 83. Rf7+ 1/2-1/2

[Event "41st Arco Open 2019"]
[Site "Arco"]
[Date "2019.10.11"]
[Round "8"]
[White "Schroeder, Wilfried"]
[Black "Klings, Peter"]
[Result "1-0"]
[ECO "D02"]
[WhiteElo "2195"]
[BlackElo "2116"]
[Annotator "NA"]
[PlyCount "45"]
[EventDate "2019.10.04"]
[EventType "swiss"]
[EventCountry "ITA"]
[SourceTitle "playchess.com"]
[Source "ChessBase"]
[SourceQuality "1"]
[TimeControl "40/5400+30:1800+30"]

1. Nf3 Nf6 2. g3 d5 3. d4 c5 4. Bg2 cxd4 5. O-O h6 6. Bf4 Nc6 7. Nxd4 Qb6 8. Nxc6 bxc6 9. Nd2 Bg4 10. h3 Bh5 11. g4 Bg6 12. c4 Qa6 13. cxd5 cxd5 14. Rc1 e6 15. Rc7 Be7 16. Nc4 O-O 17. Ne5 Bd8 18. Nxg6 fxg6 19. Rc2 Qxa2 20. Bd6 Re8 21. Qd3 g5 22. Ba3 Be7 23. b4 1-0

[Event "41st Arco Open 2019"]
[Site "Arco"]
[Date "2019.10.11"]
[Round "8"]
[White "Sprotte, Norbert"]
[Black "Trauth, Michael"]
[Result "0-1"]
[ECO "A38"]
[WhiteElo "2193"]
[BlackElo "2073"]
[Annotator "NA"]
[PlyCount "128"]
[EventDate "2019.10.04"]
[EventType "swiss"]
[EventCountry "ITA"]
[SourceTitle "playchess.com"]
[Source "ChessBase"]
[SourceQuality "1"]
[TimeControl "40/5400+30:1800+30"]

1. Nf3 c5 2. c4 g6 3. g3 Bg7 4. Bg2 Nc6 5. Nc3 d6 6. O-O Nf6 7. d4 cxd4 8. Nxd4 Bd7 9. Nc2 O-O 10. b3 a6 11. Bd2 Rb8 12. Rc1 b5 13. cxb5 axb5 14. e4 Qb6 15. Nd5 Nxd5 16. exd5 Ne5 17. h3 Bf5 18. Nb4 Rfc8 19. g4 Rxc1 20. Bxc1 Bc8 21. Be3 Qa5 22. Qd2 Bb7 23. Rc1 Rc8 24. Rxc8+ Bxc8 25. f4 Nd7 26. Nc6 Qxd2 27. Bxd2 Kf8 28. Kf2 f5 29. g5 Nc5 30. Ke3 Bb7 31. Bf1 Ne4 32. Bxb5 Bc3 33. Bc1 Be1 34. a4 Nc3 35. Bc4 e6 36. Bd2 exd5 37. Bxe1 dxc4 38. Na5 Nd5+ 39. Kd4 cxb3 40. Bc3 Ba8 41. Nc4 Nxf4 42. a5 Ne6+ 43. Kd3 Be4+ 44. Ke3 d5 45. Nb2 f4+ 46. Kd2 Nxg5 47. Bd4 Ne6 48. Kc3 Nc7 49. Kxb3 Ke7 50. Be5 f3 51. Nd1 Kd7 52. Kc3 Kc6 53. Kd2 Ne6 54. Ke3 Ng5 55. Nf2 Kb5 56. Bg3 Bf5 57. h4 Ne4 58. Nxe4 Bxe4 59. Bc7 d4+ 60. Kf2 Kc4 61. a6 Kb3 62. Be5 d3 63. Ke3 Kc2 64. Kxe4 f2 0-1

[Event "41st Arco Open 2019"]
[Site "Arco"]
[Date "2019.10.11"]
[Round "8"]
[White "Ager, Josef"]
[Black "Sarkar, Justin"]
[Result "0-1"]
[ECO "A23"]
[WhiteElo "2154"]
[BlackElo "2350"]
[Annotator "NA"]
[PlyCount "37"]
[EventDate "2019.10.04"]
[EventType "swiss"]
[EventCountry "ITA"]
[SourceTitle "playchess.com"]
[Source "ChessBase"]
[SourceQuality "1"]
[TimeControl "40/5400+30:1800+30"]

1. c4 e5 2. Nc3 Nf6 3. g3 c6 4. d4 e4 5. Bg5 Bb4 6. Qb3 Bxc3+ 7. Qxc3 O-O 8. Bh3 h6 9. Bf4 d5 10. Bxc8 Qxc8 11. Bd6 Re8 12. h4 dxc4 13. Qxc4 Nd5 14. e3 Nd7 15. a4 a5 16. Ne2 N7f6 17. Be5 Ng4 18. Bf4 Qe6 19. Nc3 0-1

[Event "41st Arco Open 2019"]
[Site "Arco"]
[Date "2019.10.11"]
[Round "8"]
[White "Medancic, Rikard"]
[Black "Favaloro, Andrea"]
[Result "1/2-1/2"]
[ECO "A06"]
[WhiteElo "2146"]
[BlackElo "2338"]
[Annotator "NA"]
[PlyCount "54"]
[EventDate "2019.10.04"]
[EventType "swiss"]
[EventCountry "ITA"]
[SourceTitle "playchess.com"]
[Source "ChessBase"]
[SourceQuality "1"]
[TimeControl "40/5400+30:1800+30"]

1. Nf3 d5 2. b3 Bg4 3. Bb2 Bxf3 4. exf3 e6 5. f4 Nf6 6. g3 Be7 7. Bg2 O-O 8. O-O c5 9. d3 Nc6 10. c4 Ne8 11. Nc3 Bf6 12. Re1 Nc7 13. Rb1 Nd4 14. Ne2 Nxe2+ 15. Qxe2 Bxb2 16. Rxb2 Qf6 17. b4 cxb4 18. Rxb4 b6 19. cxd5 Nxd5 20. Rc4 Rad8 21. Qc2 Rd7 22. Re5 Qd8 23. f5 exf5 24. Rxf5 Nc7 25. d4 b5 26. Rcc5 Ne6 27. Rcd5 Rxd5 1/2-1/2

[Event "41st Arco Open 2019"]
[Site "Arco"]
[Date "2019.10.11"]
[Round "8"]
[White "Cardili, Mariano"]
[Black "Pasini, Nicolo"]
[Result "1/2-1/2"]
[ECO "E99"]
[WhiteElo "2079"]
[BlackElo "2234"]
[Annotator "NA"]
[PlyCount "40"]
[EventDate "2019.10.04"]
[EventType "swiss"]
[EventCountry "ITA"]
[SourceTitle "playchess.com"]
[Source "ChessBase"]
[SourceQuality "1"]
[TimeControl "40/5400+30:1800+30"]

1. d4 Nf6 2. c4 g6 3. Nc3 Bg7 4. e4 d6 5. Nf3 O-O 6. Be2 e5 7. O-O Nc6 8. d5 Ne7 9. Ne1 Nd7 10. Be3 f5 11. f3 f4 12. Bf2 g5 13. a4 Rf6 14. a5 Rh6 15. Nb5 a6 16. Na7 Rxa7 17. Bxa7 Qe8 18. Nd3 Qh5 19. h3 Nf6 20. Nf2 Qh4 1/2-1/2